Zazza, chaotic female human Tourist # ------ -------- ------- |....+# # #################.......| |.....| #-...(|# ------- |......| |.....+#######|....|# #-.....| |......| |.....| ##|....|# #|....<| ##-......| --.---- #:+....|# #|.....| # ----|--- ######### #---.--# #|......### ### # # #@q#q # #------- # # # ### ################################## ### # # # # # # -----------# # # ## # # # ##..........-######### # -------------.--# # # # |.........|################ ## |...............# #------# #..........| -.-.--- |..............| #+.....# ###----------- #########|.....| |..............| |{...| # |.....| |..............| |....-######### |.....| ---------------- ------ |>....| ------- Zazza the Sightseer Experience level: 3 Strength: 9 Dexterity: 16 Constitution: 14 Intelligence: 12 Wisdom: 8 Charisma: 18 Health: 0(17) Energy: 10(10) Def: 5 Gold: 385 Moves: 2034 Dungeon seed: jBPhbTSJy8tRa4Tn Game ID: Zazza_1598721103 Your Inventory: Coins $ - 385 gold pieces Weapons a - 33 +2 darts (in quiver) r - 15 +0 darts E - 6 +0 shuriken Armor e - an uncursed +0 Hawaiian shirt (being worn) n - an uncursed +0 cloak of protection (being worn) t - an uncursed +0 pair of leather gloves (being worn) u - an uncursed +0 pair of kicking boots N - an uncursed +0 pair of water walking boots (being worn) Y - a cursed -1 helm of opposite alignment (being worn) Comestibles c - an uncursed cram ration d - 5 uncursed food rations f - 2 uncursed eggs g - an uncursed tripe ration q - an uncursed egg v - an uncursed clove of garlic K - an uncursed tripe ration Scrolls j - an uncursed scroll of magic mapping s - an uncursed scroll of food detection Z - an uncursed scroll of destroy armor Potions h - a blessed potion of extra healing i - an uncursed potion of extra healing m - a cursed potion of invisibility o - an uncursed potion of levitation B - an uncursed potion of monster detection V - an uncursed potion of sickness Tools k - an expensive camera (0:68) l - an uncursed credit card x - an uncursed towel A - an uncursed oil lamp (lit) (0:599) F - a horn of plenty (0:2) J - an uncursed magic whistle Gems y - an uncursed worthless piece of yellowish brown glass z - an uncursed jet stone Spells and supernatural/magical abilities: Name Level Category Fail Memory W - pray for help -- divine ? -- Your skills at the end: Fighting Skills Weapon Skills dart [Basic] Spellcasting Skills Final Attributes: You were piously aligned. You could walk on water. You were protected. You are dead. Vanquished creatures: a small mimic 2 floating eyes 2 kobold lords 2 large kobolds a gecko 7 jackals 2 sewer rats 10 grid bugs a lichen a kobold zombie 4 newts 33 creatures vanquished. Voluntary challenges: You had followed a strict vegetarian diet until turn 1968. You were an atheist. You never hit with a wielded weapon. You read items or engraved 5 times, starting on turn 500. You never genocided any monsters. You never polymorphed an object. You never changed form. You used no wishes. You never split a pudding. You wrote Elbereth's name 1 time, starting on turn 1877. You never violated your personal moral code. Dungeon overview: The Dungeons of Doom: levels 1 to 5 Level 1 some fountains a long staircase Level 2 a general store, a fountain a long staircase Level 3 an armor shop Level 4 Level 5 <- You were here a fountain History has recorded: On T:1 you entered the Dungeons of Doom to retrieve the Amulet of Yendor! On T:477 you reached level 2 of The Dungeons of Doom. On T:880 you reached level 3 of The Dungeons of Doom. On T:1059 you advanced to experience level 2. On T:1258 you advanced to experience level 3. On T:1688 you reached level 4 of The Dungeons of Doom. On T:1767 you reached level 5 of The Dungeons of Doom. Score breakdown: Gold: 152 ( 7431 points) Experience: 3 levels ( 7878 points) Exploration: 5 levels ( 10.20%) ( 8660 points) Discoveries: 9 items ( 3.02%) ( 5213 points) Valuables value: (no points given unless you survive) Artifact value: 0 ( 0 points) Variety of kills: 11 monsters ( 2.89%) ( 5097 points) Turncount: 2034 turns ( -25 points) Survival: died (score multiplied by 80%) Total score: 27403 Latest messages: That door is closed. (2x) You succeed in picking the lock. KABOOM!! The door was booby-trapped! You stop picking the lock. You stagger... You feel a bit steadier now. The grid bug bites! You stop running. (2x) You see here a large box. You carefully open the large box... The door opens. You miss the rothe. You hit the rothe. The rothe hits! The rothe bites! (2x) You hit the rothe. The rothe hits! The rothe bites! The rothe misses. You hit the rothe. The rothe hits! The rothe bites! You die... Final status: Aloha Zazza the Tourist, killed by a rothe... You died in The Dungeons of Doom on dungeon level 5 with 27403 points, and 385 pieces of gold, after 2034 moves. You were level 3 with a maximum of 17 hit points when you died.